MWL (24 & UNDER)
ERIE JAXX @ MANHATTEN MEATHEADS
08/09/2023
 
TOP OF THE 1ST
Erie Jaxx batting - Pitching for Manhatten Meatheads : LHP Kelly Henry
Pitching: LHP Kelly Henry
Batting: RHB Raúl Bruno 0-0: Foul Ball, location: 2F
0-1: Ball
1-1: Swinging Strike
1-2: SINGLE (Groundball, 4D)
Batting: SHB Tomás Escobar 0-0: Foul Ball, location: 2F
0-1: Swinging Strike
0-2: Strikes out looking
Batting: SHB Pedro Martínez 0-0: Called Strike
0-1: Called Strike
0-2: Ball
1-2: Strikes out swinging
Batting: LHB Jesús González 0-0: Ball
1-0: Foul Ball, location: 2F
1-1: Swinging Strike
1-2: DOUBLE (Groundball, 3L)
Raúl Bruno to third
Runner from 3rd tries for Home, SAFE, no throw or cutoff
Batting: RHB Luis Alou 0-0: Called Strike
0-1: Ball
1-1: Ball
2-1: Ground out 1-3 (Groundball, 15)
Top of the 1st over - 1 run(s), 2 hit(s), 0 error(s), 1 left on base; Erie 1 - Manhatten 0
BOTTOM OF THE 1ST
Manhatten Meatheads batting - Pitching for Erie Jaxx : RHP Denny Green
Pitching: RHP Denny Green
Batting: RHB Stanley Robbins 0-0: Ball
1-0: Foul Ball, location: 2F
1-1: Ball
2-1: Ball
3-1: Called Strike
3-2: Strikes out looking
Batting: RHB Ben Morton 0-0: Fly out, F8 (Flyball, 8LM)
Batting: LHB Pat Zimmerman 0-0: Fly out, F1 (Popup, 25)
Bottom of the 1st over - 0 run(s), 0 hit(s), 0 error(s), 0 left on base; Erie 1 - Manhatten 0
TOP OF THE 2ND
Erie Jaxx batting - Pitching for Manhatten Meatheads : LHP Kelly Henry
Batting: SHB Héctor Barajas 0-0: Ball
1-0: Ball
2-0: Called Strike
2-1: Ground out 1-3 (Groundball, 13)
Batting: RHB Bo Vickers 0-0: Ball
1-0: Ball
2-0: Called Strike
2-1: Foul Ball, location: 2F
2-2: Foul Ball, location: 2F
2-2: Foul Ball, location: 2F
2-2: Strikes out swinging
Batting: RHB Raúl Ruíz 0-0: Ball
1-0: Called Strike
1-1: Ball
2-1: Foul Ball, location: 2F
2-2: Strikes out swinging
Top of the 2nd over - 0 run(s), 0 hit(s), 0 error(s), 0 left on base; Erie 1 - Manhatten 0
BOTTOM OF THE 2ND
Manhatten Meatheads batting - Pitching for Erie Jaxx : RHP Denny Green
Batting: LHB Dave Watt 0-0: Ball
1-0: Ball
2-0: Fly out, F7 (Flyball, 7M)
Batting: RHB Mark McDonald 0-0: SINGLE (Groundball, 34D)
Batting: RHB Kyle O'Day 0-0: Ball
1-0: Called Strike
1-1: Ball
2-1: Fly out, F8 (Line Drive, 8RM)
Batting: RHB Mitch Thomas 0-0: Called Strike
0-1: Ball
1-1: Ball
2-1: Foul Ball, location: 2F
2-2: Strikes out swinging
Bottom of the 2nd over - 0 run(s), 1 hit(s), 0 error(s), 1 left on base; Erie 1 - Manhatten 0
TOP OF THE 3RD
Erie Jaxx batting - Pitching for Manhatten Meatheads : LHP Kelly Henry
Batting: RHB José Darias 0-0: Swinging Strike
0-1: Foul Ball, location: 2F
0-2: Ball
1-2: Strikes out swinging
Batting: RHB Raúl Bruno 0-0: Ball
1-0: Fly out, F8 (Popup, 8RS)
Batting: SHB Tomás Escobar 0-0: Ball
1-0: Ball
2-0: Foul Ball, location: 2F
2-1: Ball
3-1: Foul Ball, location: 2F
3-2: Foul Ball, location: 2F
3-2: Base on Balls
Batting: SHB Pedro Martínez 0-0: Ball
1-0: Ball
2-0: Called Strike
2-1: Ball
3-1: Ground out 5-3 (Groundball, 5)
Top of the 3rd over - 0 run(s), 0 hit(s), 0 error(s), 1 left on base; Erie 1 - Manhatten 0
BOTTOM OF THE 3RD
Manhatten Meatheads batting - Pitching for Erie Jaxx : RHP Denny Green
Batting: SHB Will Evans 0-0: Swinging Strike
0-1: Foul Ball, location: 2F
0-2: Ball
1-2: Strikes out looking
Batting: RHB Juan Reyes 0-0: Ball
1-0: Foul Ball, location: 2F
1-1: Foul Ball, location: 2F
1-2: Foul Ball, location: 2F
1-2: Strikes out swinging
Batting: RHB Stanley Robbins 0-0: Called Strike
0-1: Ball
1-1: Swinging Strike
1-2: Foul Ball, location: 2F
1-2: Strikes out swinging
Bottom of the 3rd over - 0 run(s), 0 hit(s), 0 error(s), 0 left on base; Erie 1 - Manhatten 0
TOP OF THE 4TH
Erie Jaxx batting - Pitching for Manhatten Meatheads : LHP Kelly Henry
Batting: LHB Jesús González 0-0: Ball
1-0: Foul Ball, location: 2F
1-1: Swinging Strike
1-2: Foul Ball, location: 2F
1-2: SINGLE (Line Drive, 7S)
Batting: RHB Luis Alou 0-0: Called Strike
0-1: Ball
1-1: Ball
2-1: Ball
3-1: Foul Ball, location: 2F
3-2: Strikes out looking
Batting: SHB Héctor Barajas 0-0: Ball
1-0: SINGLE (Line Drive, 4D)
Jesús González to second
Batting: RHB Bo Vickers 0-0: Foul Ball, location: 2F
0-1: Foul Ball, location: 2F
0-2: Ball
1-2: Foul Ball, location: 2F
1-2: Ball
2-2: Strikes out swinging
Batting: RHB Raúl Ruíz 0-0: Called Strike
0-1: Ball
1-1: Foul Ball, location: 2F
1-2: Foul Ball, location: 2F
1-2: Ball
2-2: Strikes out swinging
Top of the 4th over - 0 run(s), 2 hit(s), 0 error(s), 2 left on base; Erie 1 - Manhatten 0
BOTTOM OF THE 4TH
Manhatten Meatheads batting - Pitching for Erie Jaxx : RHP Denny Green
Batting: RHB Ben Morton 0-0: Swinging Strike
0-1: Ball
1-1: Ground out 5-3 (Groundball, 56S)
Batting: LHB Pat Zimmerman 0-0: Ball
1-0: Ball
2-0: Called Strike
2-1: Ball
3-1: Foul Ball, location: 2F
3-2: Strikes out swinging
Batting: LHB Dave Watt 0-0: Ball
1-0: Ball
2-0: Called Strike
2-1: Fly out, F8 (Flyball, 8LD)
Bottom of the 4th over - 0 run(s), 0 hit(s), 0 error(s), 0 left on base; Erie 1 - Manhatten 0
TOP OF THE 5TH
Erie Jaxx batting - Pitching for Manhatten Meatheads : LHP Kelly Henry
Batting: RHB José Darias 0-0: Called Strike
0-1: Foul Ball, location: 2F
0-2: Ball
1-2: Strikes out swinging
Batting: RHB Raúl Bruno 0-0: Ball
1-0: Called Strike
1-1: Ground out 5-3 (Groundball, 5)
Batting: SHB Tomás Escobar 0-0: Called Strike
0-1: Foul Ball, location: 2F
0-2: Ball
1-2: Fly out, F9 (Flyball, 9LS)
Top of the 5th over - 0 run(s), 0 hit(s), 0 error(s), 0 left on base; Erie 1 - Manhatten 0
BOTTOM OF THE 5TH
Manhatten Meatheads batting - Pitching for Erie Jaxx : RHP Denny Green
Batting: RHB Mark McDonald 0-0: DOUBLE (Line Drive, 9LS)
Batting: RHB Kyle O'Day 0-0: Ball
1-0: Swinging Strike
1-1: SINGLE (Groundball, 25) (infield hit)
Mark McDonald to third
Batting: RHB Mitch Thomas 0-0: Ball
1-0: Ball
2-0: SINGLE (Line Drive, 8LS)
Mark McDonald scores
Kyle O'Day to second
Batting: SHB Will Evans 0-0: Called Strike
0-1: Foul Ball, location: 2F
0-2: Ball
1-2: SINGLE (Groundball, 34D)
Kyle O'Day to third
Mitch Thomas to second
Batting: RHB Juan Reyes 0-0: SINGLE (Groundball, 5D)
Kyle O'Day scores
Mitch Thomas to third
Will Evans to second
Batting: RHB Stanley Robbins 0-0: Called Strike
0-1: Called Strike
0-2: Strikes out looking
Batting: RHB Ben Morton 0-0: Grounds into fielders choice 1-2 (Groundball, 13)
Will Evans to third
Juan Reyes to second
Pitching: RHP Ronald Cotton
Batting: LHB Pat Zimmerman 0-0: Foul Ball, location: 2F
0-1: Foul Ball, location: 2F
0-2: SINGLE (Line Drive, 7S)
Will Evans scores
Juan Reyes to third
Ben Morton to second
Batting: LHB Dave Watt 0-0: Swinging Strike
0-1: Ball
1-1: Foul Ball, location: 2F
1-2: Foul Ball, location: 2F
1-2: Foul Ball, location: 2F
1-2: Ball
2-2: Ball
3-2: Base on Balls
Juan Reyes scores
Ben Morton to third
Pat Zimmerman to second
Batting: RHB Mark McDonald 0-0: Called Strike
0-1: Swinging Strike
0-2: Ball
1-2: Strikes out swinging
Bottom of the 5th over - 4 run(s), 6 hit(s), 0 error(s), 3 left on base; Erie 1 - Manhatten 4
TOP OF THE 6TH
Erie Jaxx batting - Pitching for Manhatten Meatheads : LHP Kelly Henry
Pitching: LHP Dave Blackwell
Batting: SHB Pedro Martínez 0-0: Called Strike
0-1: Ball
1-1: Foul Ball, location: 2F
1-2: Ground out 6-3 (Groundball, 6M)
Batting: LHB Jesús González 0-0: Ball
1-0: Foul Ball, location: 2F
1-1: Foul Ball, location: 2F
1-2: Foul Ball, location: 2F
1-2: Strikes out swinging
Batting: RHB Luis Alou 0-0: Swinging Strike
0-1: Foul Ball, location: 2F
0-2: Strikes out looking
Top of the 6th over - 0 run(s), 0 hit(s), 0 error(s), 0 left on base; Erie 1 - Manhatten 4
BOTTOM OF THE 6TH
Manhatten Meatheads batting - Pitching for Erie Jaxx : RHP Ronald Cotton
Batting: RHB Kyle O'Day 0-0: Foul Ball, location: 2F
0-1: Foul Ball, location: 2F
0-2: Foul Ball, location: 2F
0-2: Foul Ball, location: 2F
0-2: Ball
1-2: Strikes out swinging
Batting: RHB Mitch Thomas 0-0: Called Strike
0-1: Ball
1-1: Called Strike
1-2: Foul Ball, location: 2F
1-2: Strikes out looking
Batting: SHB Will Evans 0-0: Ball
1-0: Foul Ball, location: 2F
1-1: Ball
2-1: Swinging Strike
2-2: Strikes out swinging
Bottom of the 6th over - 0 run(s), 0 hit(s), 0 error(s), 0 left on base; Erie 1 - Manhatten 4
TOP OF THE 7TH
Erie Jaxx batting - Pitching for Manhatten Meatheads : LHP Dave Blackwell
Batting: SHB Héctor Barajas 0-0: Ball
1-0: Ball
2-0: Ball
3-0: SINGLE (Groundball, 34)
Batting: RHB Bo Vickers 0-0: Ball
1-0: Swinging Strike
1-1: Ball
2-1: Foul Ball, location: 2F
2-2: Ball
3-2: Foul Ball, location: 2F
3-2: Fly out, F3 (Popup, 3)
Batting: RHB Raúl Ruíz 0-0: Ball
1-0: Ball
2-0: Called Strike
2-1: SINGLE (Groundball, 4MD)
Héctor Barajas to second
Runner from 2nd tries for 3rd, SAFE, throw made to third
Batting: RHB José Darias 0-0: Ball
1-0: Called Strike
1-1: Ball
2-1: Foul Ball, location: 2F
2-2: Strikes out looking
Batting: RHB Raúl Bruno 0-0: Fly out, F9 (Flyball, 89S)
Top of the 7th over - 0 run(s), 2 hit(s), 0 error(s), 2 left on base; Erie 1 - Manhatten 4
BOTTOM OF THE 7TH
Manhatten Meatheads batting - Pitching for Erie Jaxx : RHP Ronald Cotton
Batting: RHB Juan Reyes 0-0: Called Strike
0-1: Called Strike
0-2: Strikes out swinging
Batting: RHB Stanley Robbins 0-0: Fly out, F8 (Flyball, 8LXD)
Batting: RHB Ben Morton 0-0: Ball
1-0: Called Strike
1-1: Foul Ball, location: 2F
1-2: Strikes out looking
Bottom of the 7th over - 0 run(s), 0 hit(s), 0 error(s), 0 left on base; Erie 1 - Manhatten 4
TOP OF THE 8TH
Erie Jaxx batting - Pitching for Manhatten Meatheads : LHP Dave Blackwell
Pitching: RHP Sloan Numbers
Now at 1B: Ramón Ybarra
Batting: SHB Tomás Escobar 0-0: Ball
1-0: Ground out 6-3 (Groundball, 6M)
Batting: SHB Pedro Martínez 0-0: Ground out 4-3 (Groundball, 4)
Batting: LHB Jesús González 0-0: Foul Ball, location: 2F
0-1: Ball
1-1: Swinging Strike
1-2: Ball
2-2: Strikes out swinging
Top of the 8th over - 0 run(s), 0 hit(s), 0 error(s), 0 left on base; Erie 1 - Manhatten 4
BOTTOM OF THE 8TH
Manhatten Meatheads batting - Pitching for Erie Jaxx : RHP Ronald Cotton
Pitching: RHP Barry Garner
Batting: LHB Pat Zimmerman 0-0: Called Strike
0-1: Ball
1-1: Fly out, F7 (Flyball, 7LD)
Batting: LHB Dave Watt 0-0: Called Strike
0-1: Ball
1-1: Foul Ball, location: 2F
1-2: Strikes out swinging
Batting: RHB Mark McDonald 0-0: Ball
1-0: Ball
2-0: Ball
3-0: Base on Balls
Batting: RHB Kyle O'Day 0-0: Ball
Mark McDonald is caught stealing 2nd base
Bottom of the 8th over - 0 run(s), 0 hit(s), 0 error(s), 0 left on base; Erie 1 - Manhatten 4
TOP OF THE 9TH
Erie Jaxx batting - Pitching for Manhatten Meatheads : RHP Sloan Numbers
Pitching: RHP Mario Tovar
Batting: RHB Luis Alou 0-0: Foul Ball, location: 2F
0-1: Foul Ball, location: 2F
0-2: Ball
1-2: SINGLE (Groundball, 15S) (infield hit)
Batting: SHB Héctor Barajas 0-0: Called Strike
0-1: Foul Ball, location: 2F
0-2: Ball
1-2: Strikes out swinging
Batting: RHB Bo Vickers 0-0: Foul Ball, location: 2F
0-1: Foul Ball, location: 2F
0-2: Ball
1-2: Strikes out swinging
Batting: RHB Raúl Ruíz 0-0: Called Strike
0-1: SINGLE (Groundball, 4MD)
Luis Alou to second
Runner from 2nd tries for 3rd, SAFE, no throw or cutoff
Pinch Hitting: RHB Richard Bankhead 0-0: DOUBLE (Groundball, 5L)
Luis Alou scores
Raúl Ruíz to third
Runner from 3rd tries for Home, throw and OUT!
Top of the 9th over - 1 run(s), 3 hit(s), 0 error(s), 1 left on base; Erie 2 - Manhatten 4
This league is powered by Out of the Park Baseball, the baseball management simulation game for PC, Mac and Linux
Wednesday, December 2nd, 2015 - OOTP Baseball 16.8 Build 38